Plume, neutral female human Valkyrie --------- ---------------- ----- |.....>.| |..............|######....| |..{....| |.....I..H.....| ##|....# |....#...#########`|..............H# ####....|# --------------- ----.---- #--------|-------# # #|...|# ##......?.(......# # #########I# ### #-----# # |.[...^.......|# # # # ########## |.............|# # ###################### # # --------.------# ---|---- #----|------- # # # # # --...}..-- #|..........| # # # ### # |..----}.+ ####|..........|################# # # ### |.<| |.}| # #|..........|# #-------#########)##### #---------- |..----...#####------------# #|.....|# # -.-----# #.........| --.}}...-- ################ #|.---.|# ###|.....|## |........| -------- #..| |.|# #+.....--########-........| |.| |.|# |......| ---------- |.---.|# |....).| |.....-# |......| ------- -------- Plume the Woman-at-arms Experience level: 10 Strength: 18/13 Dexterity: 14 Constitution: 18 Intelligence: 7 Wisdom: 9 Charisma: 8 Health: 0(100) Energy: 31(31) Def: 14 Gold: 0 Moves: 12187 Dungeon seed: BeCRT2YhjGWADQun Game ID: Plume_1525797196 Your Inventory: Weapons j - the rustproof +0 Mjollnir (weapon in hand) v - the blessed rustproof +8 Fire Brand (alternate weapon; not wielded) Armor n - an uncursed +0 pair of gauntlets of dexterity (being worn) y - an uncursed +0 dwarvish cloak (being worn) A - an uncursed +3 small shield (being worn) D - an uncursed corroded +0 dwarvish iron helm (being worn) M - an uncursed +0 pair of iron shoes (being worn) S - an uncursed +0 dwarvish mithril-coat (being worn) Comestibles s - an uncursed lembas wafer Scrolls p - an uncursed scroll of water u - an uncursed scroll of identify Spellbooks w - an uncursed spellbook of cone of cold Rings r - an uncursed ring of slow digestion Wands t - a wand of enlightenment (0:13) Tools e - a -1 unicorn horn q - an uncursed stethoscope z - a blessed bag of holding R - an uncursed towel Y - an uncursed oil lamp (0:1188) Gems E - a blessed luckstone Contents of the bag of holding: 6887 gold pieces Spells and supernatural/magical abilities: Name Level Category Fail Memory o - cone of cold 4 attack 100% 99% s - slow monster 1 enchantment 100% 85% W - pray for help -- divine ? -- Your skills at the end: Miscellaneous Skills shield [Basic] wands [Basic] Weapon Skills dagger [Basic] hammer [Basic] spear [Basic] Spellcasting Skills Final Attributes: You were devoutly aligned. You were cold resistant. You were shock resistant. You were poison resistant. Your writing hand was a little cramped from use. You were invisible. You were very stealthy. You could fly. You were fast. You were extremely lucky. You had extra luck. Good luck did not time out for you. You are dead. Vanquished creatures: an Olog-hai 2 black puddings 4 giant mimics 2 fire giants a large mimic 4 small mimics a xan 2 large dogs a freezing sphere 2 gargoyles a tengu a gelatinous cube an ochre jelly a chameleon an energy vortex 3 human mummies a cobra a leather golem 2 incubi 6 wolves 4 winter wolf cubs a lynx 3 gremlins 3 leprechauns 2 quivering blobs 2 lizards 2 gnome kings 2 dwarf mummies 9 ogres 4 owlbears a yeti a piranha 2 warriors a dog a housecat a jaguar 3 blue jellies a white unicorn a plains centaur a gnome mummy 2 Woodland-elves 2 snakes 2 apes a soldier ant 18 fire ants 2 yellow lights 2 bugbears a baby crocodile 7 Mordor orcs a rock mole 2 rock piercers 2 fog clouds 7 gnome lords 4 gnomish wizards 3 kobold mummies a gray ooze a paper golem 4 giant ants a floating eye 2 kittens 16 dwarves a homunculus a kobold lord a kobold shaman 2 iguanas 13 hill orcs 14 rothes 4 centipedes 2 jitterbugs a giant bat 2 orc zombies a wererat 3 killer bees 7 coyotes 5 gas spores 5 hobbits 2 acid blobs 2 large kobolds 7 geckos 8 hobgoblins 6 giant rats a cave spider 4 brown molds 6 yellow molds 2 green molds 2 red molds 31 gnomes a garter snake 16 manes a gnome zombie 6 jackals 5 foxes a kobold 11 newts 3 goblins 7 sewer rats 10 grid bugs 7 bats 9 lichens 3 kobold zombies 377 creatures vanquished. Voluntary challenges: You did not cause conflict. You did not have reflection. You were not displaced. You used a wielded weapon 594 times, starting on turn 46. You did not use plumbed fixtures. You read items or engraved 30 times, starting on turn 4565. You never genocided any monsters. You polymorphed 1 item, starting on turn 9183. You never changed form. You completed Sokoban on turn 6631, according to the rules. You used no wishes. You never split a pudding. You wrote Elbereth's name 4 times, starting on turn 4565. You never violated your personal moral code. Dungeon overview: The Dungeons of Doom: levels 1 to 12 Level 1 a fountain a long staircase Level 2 a general store Level 3 a fountain stairs to The Gnomish Mines Level 4 a fountain Level 5 a fountain Level 6 Level 7 a fountain stairs to Sokoban Level 8 a potion shop, a sink Level 9 Level 10 a general store Level 11 a throne Level 12 <- You were here a fountain, a sink portal to The Quest The Gnomish Mines: levels 4 to 7 Level 4 stairs to The Dungeons of Doom Level 5 Level 6 Level 7 many shops, a temple to Loki, a magic chest, some fountains The Quest: Level 1 a magic chest, a fountain portal to The Dungeons of Doom Sokoban: levels 3 to 6 Level 3 a magic chest Level 4 Level 5 Level 6 an altar to Odin, a magic chest stairs to The Dungeons of Doom History has recorded: On T:1 you entered the Dungeons of Doom to retrieve the Amulet of Yendor! On T:201 you reached level 2 of The Dungeons of Doom. On T:354 you reached level 3 of The Dungeons of Doom. On T:395 you advanced to experience level 2. On T:1193 you reached level 4 of The Dungeons of Doom. On T:1208 you prayed to Odin. On T:1249 you advanced to experience level 3. On T:1444 you reached level 1 of The Gnomish Mines. On T:1560 you reached level 2 of The Gnomish Mines. On T:1626 you advanced to experience level 4. On T:1650 you advanced to experience level 5. On T:1994 you advanced to experience level 6. On T:2108 you reached level 3 of The Gnomish Mines. On T:2705 you reached level 4 of The Gnomish Mines. On T:2921 you entered the Minetown temple On T:3038 you advanced to experience level 7. On T:3152 you opened a magic chest. On T:3755 you reached level 5 of The Dungeons of Doom. On T:3822 you reached level 6 of The Dungeons of Doom. On T:4247 you reached level 7 of The Dungeons of Doom. On T:4419 you reached level 8 of The Dungeons of Doom. On T:4530 you advanced to experience level 8. On T:4563 you reached level 4 of Sokoban. On T:4898 you reached level 3 of Sokoban. On T:5319 you reached level 2 of Sokoban. On T:5702 you reached level 1 of Sokoban. On T:6631 you advanced to experience level 9. On T:6631 you entered the Sokoban zoo. On T:7501 you reached level 9 of The Dungeons of Doom. On T:7721 you reached level 10 of The Dungeons of Doom. On T:7796 you reached level 11 of The Dungeons of Doom. On T:8024 you reached level 12 of The Dungeons of Doom. On T:8339 you advanced to experience level 10. On T:8714 you reached level 1 of The Quest. On T:9210 you received Mjollnir from Odin. On T:10416 you received Fire Brand from Odin. On T:10789 you received Trollsbane from Odin. On T:11526 you prayed to Odin. Score breakdown: Gold: 6887 ( 688 points) Experience: 10 levels ( 900 points) Exploration: 12 levels ( 330 points) Discoveries: 40 items ( 2000 points) Variety of kills: 100 monsters ( 2000 points) Major goal: finished Sokoban ( 1000 points) Survival: died (score multiplied by 3) Total score: 20754 Latest messages: The fire giant picks up a mummy wrapping. The fire giant puts on a mummy wrapping. This fire ant corpse tastes terrible! You finish eating the fire ant corpse. The fire giant punches you! The massive hammer hits! Lightning strikes the fire giant! You attack thin air. You stop searching. The fire giant tries to wield a sling. The fire giant's flail is welded to her hand! Wait! There's something there you can't see! Something claws you! The door closes. You see a door open. Wait! There's something there you can't see! Something claws you! The massive hammer hits! Lightning strikes something! (2x) You attack thin air. Something claws you! You die... Final status: Farvel Plume the Valkyrie, killed by an invisible stalker... You died in The Dungeons of Doom on dungeon level 12 with 20754 points, and 6887 pieces of gold, after 12187 moves. You were level 10 with a maximum of 100 hit points when you died.